 Dungeon Crawl Stone Soup version 0.29.1-15-g9cfb28693d (webtiles) character file.

Game seed: 690976787532632894

1115 Peloso the Slasher (level 8, -4/70 HPs)
             Began as a Minotaur Fighter on Mar 14, 2023.
             Was a Follower of Okawaru.
             Slain by a sky beast (6 damage)
             ... on level 6 of the Dungeon.
             The game lasted 00:11:30 (6237 turns).

Peloso the Slasher (Minotaur Fighter)               Turns: 6237, Time: 00:11:33

Health: -4/70      AC:  9    Str: 20    XL:     8   Next: 12%
Magic:  6/7        EV: 10    Int:  5    God:    Okawaru [*.....]
Gold:   332        SH:  5    Dex: 13    Spells: 7/7 levels left

rFire   . . .      SeeInvis .   a - +0 long sword
rCold   + . .      Faith    .   c - +0 buckler
rNeg    . . .      Spirit   .   b - +0 scale mail
rPois   .          Reflect  .   (helmet restricted)
rElec   .          Harm     .   (no cloak)
rCorr   .          Rampage  .   (no gloves)
Will    +....                   d - +0 pair of boots
Stlth   ..........              (no amulet)
HPRegen 0.21/turn               l - ring of willpower
MPRegen 0.10/turn               o - ring of protection from cold

@: lethally poisoned (-4 -> -14)
A: horns 2, retaliatory headbutt
a: Renounce Religion, Heroism


You were on level 6 of the Dungeon.
You worshipped Okawaru.
Okawaru was aware of your devotion.
You visited 1 branch of the dungeon, and saw 6 of its levels.

You collected 332 gold pieces.

Inventory:

Hand Weapons
 a - a +0 long sword (weapon)
Armour
 b - a +0 scale mail (worn)
 c - a +0 buckler (worn)
 d - a +0 pair of boots (worn)
Jewellery
 l - a ring of willpower (left hand)
 o - a ring of protection from cold (right hand)
 u - a +6 ring of intelligence
Wands
 r - a wand of roots (6)
 w - a wand of paralysis (10)
Scrolls
 e - a scroll of blinking
 f - 2 scrolls of teleportation {unknown}
 g - a scroll of poison {unknown}
 m - a scroll of magic mapping {unknown}
 n - 2 scrolls of fear {unknown}
 q - a scroll of fog {unknown}
 x - a scroll of acquirement {unknown}
 y - 2 scrolls of enchant weapon {unknown}
 z - a scroll of torment {unknown}
Potions
 h - 2 potions of brilliance
 i - 3 potions of haste
 j - a potion of berserk rage
 k - a potion of might
 s - a potion of mutation {unknown}
 t - a potion of ambrosia {unknown}
 v - a potion of curing {unknown}
 A - a potion of degeneration {unknown}


   Skills:
 + Level 5.6 Fighting
 + Level 7.5 Long Blades
 + Level 6.6 Armour
 + Level 2.8 Dodging
 + Level 0.3 Stealth
 + Level 5.5 Shields


You had 7 spell levels left.
You didn't know any spells.
Your spell library contained the following spells:

 Spells                   Type           Power      Damage    Failure   Level
 Freeze                   Ice            0%         1d3       87%         1
 Ensorcelled Hibernation  Hex/Ice        0%         N/A       95%         2
 Passwall                 Tmut/Erth      0%         N/A       95%         2
 Frozen Ramparts          Ice            0%         1d1       99%         3
 Portal Projectile        Hex/Tloc       0%         N/A       99%         3
 Swiftness                Air            0%         N/A       99%         3
 Hailstorm                Conj/Ice       0%         3d3       100%        4
 Leda's Liquefaction      Hex/Erth       0%         N/A       100%        4
 Call Canine Familiar     Summ           Unusable   N/A       N/A         3

Dungeon Overview and Level Annotations

Branches:
Dungeon (6/15)
 Temple: D:4-7

Altars:
Okawaru
Sif Muna
The Shining One

Annotations:
D:2 1 runed translucent door, Crazy Yiuf


Innate Abilities, Weirdness & Mutations

You have a pair of horns on your head.
You reflexively headbutt those who attack you in melee.


Message History

You completely miss the scorpion.
The scorpion is lightly wounded.
You feel sick. The scorpion closely misses you.
You completely miss the scorpion.
The scorpion is lightly wounded.
You feel sick. The scorpion barely misses you. The scorpion stings you.
You are more poisoned.
The scorpion poisons you!
The sky beast flickers out of sight!
Deactivating autopickup; reactivate with Ctrl-A.
You closely miss the scorpion.
The scorpion is lightly wounded.
You feel very sick.
The scorpion stings you but does no damage.
A sky beast appears from thin air!
Reactivating autopickup.
You closely miss the scorpion. You headbutt the scorpion!
The scorpion is heavily wounded.
You feel very sick. The scorpion barely misses you.
You closely miss the scorpion.
The scorpion is heavily wounded.
You feel very sick. The scorpion stings you.
* * * LOW HITPOINT WARNING * * *
You are lethally poisoned!
The scorpion poisons you!
The scorpion stings you but does no damage.
You hit the scorpion. You headbutt the scorpion.
You kill the scorpion!
Okawaru accepts your kill.
* * * LOW HITPOINT WARNING * * *
You feel very sick.
You slash the sky beast!
The sky beast is moderately wounded.
* * * LOW HITPOINT WARNING * * *
You feel very sick. The sky beast hits you.
* * * LOW HITPOINT WARNING * * *
The sky beast shocks you.
You die...

..######....#.#.#####........
.......####.#.†.....#........
............#.......#........
........#####................
........#....................
..#####.#.####.............#. .
............>.##...........# ...
.#...#........##Y#§§#.######....
...............#@##~...$........
.#####..............~...........
.##.....................~.......
..#.............................
..#.............................
..#............#.......>..##....
†......####...............# ....
...................$........ ...
..........#........##....... ..


You could see a sky beast.

Vanquished Creatures
  2 ice beasts
  A sky beast (D:5)
  2 phantoms
  3 scorpions
  A necrophage (D:6)
  A howler monkey (D:4)
  3 hounds
  An orc priest (D:5)
  2 iguanas
  An orc wizard (D:5)
  5 gnolls
  7 adders
  An ufetubus (D:5)
  3 worms
  3 dart slugs
  4 orcs
  5 ball pythons
  6 endoplasms
  2 giant cockroaches
  10 goblins
  14 hobgoblins
  10 jackals
  2 quokkas
  5 bats
  3 frilled lizards
  11 kobolds
  5 rats
113 creatures vanquished.

Notes
Turn   | Place    | Note
-------+----------+-------------------------------------------
     0 | D:1      | Peloso the Minotaur Fighter began the quest for the Orb.
     0 | D:1      | Reached XP level 1. HP: 19/19 MP: 0/0
   359 | D:1      | Found a faded altar of an unknown god.
   416 | D:1      | Reached XP level 2. HP: 27/27 MP: 1/1
   656 | D:1      | Reached XP level 3. HP: 29/33 MP: 2/2
   985 | D:1      | Reached skill level 3 in Long Blades
  1563 | D:2      | Reached XP level 4. HP: 33/40 MP: 3/3
  1667 | D:2      | Found a runed translucent door.
  1668 | D:2      | Noticed Crazy Yiuf
  2732 | D:3      | Reached skill level 4 in Long Blades
  2818 | D:3      | Identified the +1 leather armour of Enus {Harm rF+}
  3012 | D:4      | Reached XP level 5. HP: 47/47 MP: 4/4
  3020 | D:4      | Found a glowing golden altar of the Shining One.
  3023 | D:4      | Found an iron altar of Okawaru.
  3031 | D:4      | Became a worshipper of Warmaster Okawaru
  3382 | D:4      | Noticed a phantom
  3404 | D:4      | Killed a phantom
  3405 | D:4      | Reached skill level 1 in Dodging
  3418 | D:4      | Reached skill level 5 in Long Blades
  3418 | D:4      | Reached skill level 5 in Armour
  3418 | D:4      | Reached XP level 6. HP: 12/53 MP: 5/5
  3890 | D:4      | Reached skill level 5 in Shields
  4255 | D:5      | Entered Level 5 of the Dungeon
  4255 | D:5      | Noticed an ice beast
  4264 | D:5      | Killed an ice beast
  4488 | D:5      | Reached * piety under Okawaru
  4489 | D:5      | Reached XP level 7. HP: 60/60 MP: 6/6
  4707 | D:5      | Reached skill level 5 in Fighting
  4707 | D:5      | Reached skill level 6 in Long Blades
  5147 | D:5      | Found a shimmering blue altar of Sif Muna.
  6104 | D:6      | Reached skill level 7 in Long Blades
  6104 | D:6      | Reached XP level 8. HP: 48/69 MP: 7/7
  6237 | D:6      | HP: 2/70 [sky beast (4)]
  6237 | D:6      | Slain by a sky beast

Illustrated notes

Levels and vault maps discovered:
D:1:      matt_arrival_los_fun, layout_basic, ebering_ecumenical_altar_hall
D:2:      layout_loops_ring, kennysheep_generic_room_16, uniq_crazy_yiuf_cottage
D:3:      layout_rooms
D:4:      nicolae_cairo_tiling_large_dashed, layout_loops_ring,
          grunt_temple_overflow_open, serial_rivers,
          chequers_serial_rivers_marsh, chequers_serial_rivers_small_b,
          chequers_serial_rivers_room_a, chequers_serial_rivers_small_b,
          chequers_serial_rivers_room_b, chequers_serial_rivers_marsh,
          kennysheep_generic_room_10
D:5:      layout_layer_cave, mainiacjoe_overflow_brackets,
          hangedman_decor_riveting
D:6:      layout_basic, lightli_minifort

Skill      XL: |  1  2  3  4  5  6  7 |
---------------+----------------------+-----
Shields        | 4 5 |  5.5
Fighting       | 4 5 |  5.6
Armour         | 4 5 6 |  6.6
Long Blades    | 3 4 5 7 |  7.5
Dodging        | 1 2 |  2.8
Stealth        | |  0.3

Action                   |  1- 3 |  4- 6 |  7- 9 || total
-------------------------+-------+-------+-------++-------
Melee: Long sword        |   107 |   192 |    84 ||   383
       Headbutt          |    16 |    30 |    11 ||    57
Invok: Heroism           |       |       |     1 ||     1
  Use: Scroll            |     1 |     4 |       ||     5
       Potion            |       |       |     1 ||     1
Armor: Scale mail        |    52 |   105 |    49 ||   206
Dodge: Dodged            |    33 |    89 |    40 ||   162
Block: Buckler           |    28 |    48 |    18 ||    94
